 Dungeon Crawl Stone Soup version 0.23-a0-241-g3b46b076a4 (webtiles) character file.

16898 PikkenKukken the Transmogrifier (level 12, -4/94 HPs)
             Began as a Merfolk Transmuter on Sept 28, 2018.
             Was a High Priest of Okawaru.
             Slain by a blink frog (12 damage)
             ... on level 4 of the Lair of Beasts.
             The game lasted 00:39:47 (17178 turns).

PikkenKukken the Transmogrifier (MfTm)             Turns: 17178, Time: 00:39:48

Health: -4/94      AC:  6    Str: 12    XL:     12   Next: 42%
Magic:  10/15      EV: 19    Int: 15    God:    Okawaru [*****.]
Gold:   667        SH:  0    Dex: 15    Spells: 4/15 levels left

rFire    + . .     SeeInvis .     - Unarmed
rCold    . . .     Gourm    +   (shield currently unavailable)
rNeg     . . .     Faith    .   z - +1 leather armour of Fishuji {rPois}
rPois    +         Spirit   .   H - +2 hat
rElec    .         Reflect  .   w - scarf {cloud immunity}
rCorr    .         Harm     .   (gloves currently unavailable)
MR       .....                  (no boots)
Stlth    +.........             C - amulet of the gourmand
HPRegen  0.25/turn              A - ring of protection from fire
MPRegen  0.14/turn              F - ring of poison resistance

@: blade hands
A: change form in water, swift swim, stealthy swim
a: End Transformation, Heroism, Finesse, Renounce Religion


You were on level 4 of the Lair of Beasts.
You worshipped Okawaru.
Okawaru was extremely pleased with you.
You were very full.
You had blades for hands.
You visited 2 branches of the dungeon, and saw 12 of its levels.
You also visited: Sewer and Ossuary.

You collected 667 gold pieces.

Inventory:

Missiles
 a - 110 arrows
 f - 5 steel tomahawks (quivered)
Armour
 e - a +2 helmet
 h - a +2 pair of gloves (melded)
 w - a scarf of cloud immunity (worn)
 z - the +1 leather armour of Fishuji (worn) {rPois}
   (You found it on level 5 of the Dungeon)

   It protects you from poison.
 H - a +2 hat (worn)
Jewellery
 A - a ring of protection from fire (left scythe-like blade)
 C - an amulet of the gourmand (around neck)
 F - a ring of poison resistance (right scythe-like blade)
Wands
 l - a wand of digging (43)
 n - a wand of polymorph (10)
 s - a wand of acid (34)
 G - a wand of iceblast (21)
Scrolls
 g - a scroll of enchant weapon
 p - 4 scrolls of teleportation
 q - 6 scrolls of remove curse
 t - 2 scrolls of summoning
 x - a scroll of magic mapping
 y - 4 scrolls of fear
 I - a scroll of identify
 J - a scroll of enchant armour
Potions
 b - a potion of ambrosia {unknown}
 c - 3 potions of haste
 i - 5 potions of agility {unknown}
 j - 7 potions of curing
 k - 5 potions of cancellation {unknown}
 m - 5 potions of lignification {unknown}
 o - 5 potions of flight
 r - 6 potions of might
 u - 2 potions of heal wounds
 v - 6 potions of brilliance
 B - 3 potions of resistance {unknown}
 D - a potion of magic {unknown}
 E - a potion of mutation {unknown}
Comestibles
 d - 8 rations


   Skills:
 + Level 8.7 Fighting
 - Level 3.2 Armour
 + Level 10.6 Dodging
 + Level 11.3 Unarmed Combat
 - Level 2.0 Spellcasting
 - Level 14.1 Transmutations
 - Level 3.0 Ice Magic
 - Level 5.1 Invocations


You had 4 spell levels left.
You knew the following spells:

 Your Spells              Type           Power        Failure   Level  Hunger
b - Sticks to Snakes      Tmut           #####...     8%          2    ###....
c - Ice Form              Ice/Tmut       ####....     43%         4    #####..
d - Blade Hands           Tmut           #####.....   22%         5    ######.

Your spell library contained the following spells:

 Spells                   Type           Power        Failure   Level  Hunger
 Beastly Appendage        Tmut           #####.       7%          1    #......
 Spider Form              Tmut/Pois      ###.......   32%         3    ###....
 Ignite Poison            Fire/Tmut/Pois ###.....     50%         3    ###....
 Shock                    Conj/Air       #...         71%         1    #......
 Swiftness                Chrm/Air       #.......     80%         2    ###....
 Conjure Flame            Conj/Fire      #.......     93%         3    ###....
 Static Discharge         Conj/Air       #.......     93%         3    ###....
 Airstrike                Air            #.........   99%         4    #####..
 Leda's Liquefaction      Hex/Erth       #.........   99%         4    #####..
 Sticky Flame             Conj/Fire      #.......     99%         4    #####..
 Lee's Rapid Deconstruct  Erth           #.........   100%        5    ######.
 Lightning Bolt           Conj/Air       #.........   100%        5    ######.


Dungeon Overview and Level Annotations

Branches:
Dungeon (8/15)             Temple (0/1) D:7            Lair (4/6) D:8
 Shoals (0/4) Lair:3       Spider (0/4) Lair:3

Altars:
Cheibriados
Fedhas
Gozag
Makhleb
Okawaru
Qazlal
Sif Muna
Uskayaw
Jiyva

Shops:
D:5 }

Portals:
Ice
Cave: Lair:4

Annotations:
D:3 P0WERM0DE's ghost, novice DDFi
D:4 1 runed door
D:5 1 runed door, karpathia's ghost, novice DsCK
Lair:3 3 runed doors, ICC's ghost, journeyman VSAr


Message History

Your hands turn into razor-sharp scythe blades.
Your +2 pair of gloves melds into your body.
The blink frog closely misses you. The blink frog hits you!
* * * LOW HITPOINT WARNING * * *
You miss the blink frog. The blink frog barely misses you.
You slash the blink frog!
The blink frog is heavily wounded.
The blink frog blinks!
The blink frog gives a loud, deep croak!
You shred the blink frog!!!
You kill the blink frog!
Okawaru accepts your kill.
You closely miss the blink frog.
The blink frog is heavily wounded.
The blink frog hits you!
* * * LOW HITPOINT WARNING * * *
You closely miss the blink frog.
The blink frog is heavily wounded.
The blink frog hits you!
You die...

...........#...# ......
............##.### ......
......>....##.+#P##......
.........................
.........................
........................
#...........)........#
##......#†P####....##
#.....##.@## ##....#
##.... ##.F###..#...#
#.... #P..........'..
#.......#.P.....
...........#.....5
....#####P.## ..∩.. ....
#... ... ... ...#. .. ..
...... .


You could see a blink frog.

Vanquished Creatures
  Gastronok (Lair:2)
  A hydra (Lair:2)
  Harold (Lair:2)
  A two-headed ogre (D:8)
  2 death yaks (Lair:4)
  Sonja (Lair:1)
  Pikel (D:8)
  A cyclops (D:6)
  Joseph (D:7)
  A torpor snail (Lair:2)
  2 spiny frogs
  7 komodo dragons
  Prince Ribbit (D:8)
  A merfolk (Lair:3)
  Grinder (D:3)
  4 blink frogs
  10 yaks (Lair:2)
  Grum (D:8)
  A basilisk (Lair:2)
  A water moccasin (Lair:2)
  2 porcupines
  5 ice beasts
  A sky beast (D:7)
  A black bear (D:6)
  4 ogres
  4 centaurs
  4 wolves (D:8)
  A big kobold (D:8)
  3 crocodiles
  7 bullfrogs
  A scorpion (D:6)
  5 killer bees (D:7)
  3 electric eels
  2 crimson imps
  2 bullfrog zombies
  A centaur zombie (D:5)
  3 hounds
  2 gnoll shamans
  2 jellies
  A bullfrog skeleton (D:6)
  3 orc wizards
  An iguana (D:5)
  Ijyb (D:3)
  Natasha (thrice) (D:2)
  7 worker ants
  3 mummies (Ossuary)
  2 hound zombies (Ossuary)
  8 gnolls
  12 adders
  5 river rats (Sewer)
  12 white imps (Lair:4)
  4 oozes
  2 worms
  5 dart slugs
  6 leopard geckos
  11 orcs
  5 giant cockroaches
  A gnoll zombie (Ossuary)
  10 goblins
  5 hobgoblins
  4 jackals (D:1)
  28 kobolds
  3 quokkas
  4 ball pythons
  3 bats
  5 frilled lizards
  A goblin zombie (Ossuary)
  A jackal zombie (Ossuary)
  A leopard gecko skeleton (D:5)
  A quokka skeleton (D:7)
  31 rats
  A rat zombie (Ossuary)
  A butterfly (Lair:1)
284 creatures vanquished.

Vanquished Creatures (collateral kills)
  A torpor snail (Lair:4)
  3 ogres
  A centaur (D:6)
  A scorpion (D:6)
  A killer bee (D:7)
  2 orc priests
  Terence (D:3)
  2 big kobold zombies (Ossuary)
  A mummy (Ossuary)
  A hound skeleton (D:6)
  An adder (D:3)
  2 river rats
  A worm (D:4)
  A leopard gecko (D:7)
  4 orcs
  2 goblins
  A hobgoblin (D:1)
  A jackal (D:1)
  A bat (D:1)
  3 kobolds
  3 kobold zombies (Ossuary)
  A rat (D:2)
  A rat zombie (Ossuary)
36 creatures vanquished.

Vanquished Creatures (others)
  A slave (D:8)
  An adder (D:8)
  A fungus (Lair:2)
  11 plants (D:8)
14 creatures vanquished.

Grand Total: 334 creatures vanquished

Notes
Turn   | Place    | Note
-------+----------+-------------------------------------------
     0 | D:1      | PikkenKukken the Merfolk Transmuter began the quest for the
                  | Orb.
     0 | D:1      | Reached XP level 1. HP: 15/15 MP: 3/3
   252 | D:1      | Reached XP level 2. HP: 3/21 MP: 3/5
   505 | D:1      | Learned a level 2 spell: Sticks to Snakes
  1071 | D:1      | Reached XP level 3. HP: 25/26 MP: 6/6
  1353 | D:2      | Noticed Natasha
  1366 | D:2      | Killed Natasha
  1530 | D:2      | Noticed Natasha
  1548 | D:2      | Killed Natasha
  1548 | D:2      | Reached skill level 1 in Armour
  1548 | D:2      | Reached skill level 5 in Unarmed Combat
  1548 | D:2      | Reached XP level 4. HP: 32/32 MP: 0/7
  2369 | D:2      | Noticed Natasha
  2380 | D:2      | Killed Natasha
  2538 | D:3      | Noticed an ogre
  2544 | D:3      | Killed an ogre
  2544 | D:3      | Reached XP level 5. HP: 25/37 MP: 2/8
  2959 | D:3      | Noticed Grinder
  2966 | D:3      | Noticed Terence
  2975 | D:3      | Killed Grinder
  2975 | D:3      | Reached XP level 6. HP: 43/43 MP: 2/9
  2978 | D:3      | Killed Terence
  2978 | D:3      | Reached skill level 3 in Transmutations
  3158 | D:3      | Learned a level 4 spell: Ice Form
  3165 | D:3      | Noticed Ijyb
  3187 | D:3      | Killed Ijyb
  3338 | D:3      | Reached skill level 4 in Transmutations
  3516 | D:3      | Reached XP level 7. HP: 43/48 MP: 4/10
  3741 | D:4      | Found a runed door.
  3753 | D:4      | Reached skill level 5 in Transmutations
  3759 | D:4      | Noticed P0WERM0DE's ghost (novice DDFi)
  3972 | D:3      | Reached skill level 6 in Transmutations
  4167 | D:4      | Found a runed door.
  4174 | D:4      | Found a sand-covered staircase.
  4194 | Ossuary  | Entered an ossuary
  4632 | Ossuary  | Reached skill level 7 in Transmutations
  4728 | D:4      | Found a stormy altar of Qazlal.
  4824 | D:4      | Found an iron altar of Okawaru.
  4832 | D:4      | Became a worshipper of Warmaster Okawaru
  4838 | D:4      | Got an ancient flail
  4839 | D:4      | Identified the +12 flail "Baolowev" {crush, *Drain rPois
                  | rN+++ Stlth+} (You found it on level 4 of the Dungeon)
  5166 | D:5      | Entered Level 5 of the Dungeon
  5208 | D:5      | Reached skill level 1 in Ice Magic
  5208 | D:5      | Reached skill level 1 in Invocations
  5234 | D:5      | Found Cidghoho's Gadget Shoppe.
  5256 | D:5      | Reached XP level 8. HP: 37/54 MP: 5/11
  5267 | D:5      | Found a runed door.
  5273 | D:5      | Got a spiked leather armour
  5284 | D:5      | Identified the +1 leather armour of Fishuji {rPois} (You
                  | found it on level 5 of the Dungeon)
  5523 | D:5      | Reached skill level 8 in Transmutations
  5702 | D:5      | Found a glowing drain.
  5715 | D:5      | Reached * piety under Okawaru
  5737 | Sewer    | Entered a sewer
  6379 | D:5      | Noticed karpathia's ghost (novice DsCK)
  6412 | D:5      | Found a hide-covered altar of Uskayaw.
  6483 | D:5      | Reached skill level 9 in Transmutations
  7394 | D:6      | Reached ** piety under Okawaru
  7394 | D:6      | Reached skill level 5 in Invocations
  7394 | D:6      | Reached XP level 9. HP: 33/59 MP: 12/12
  7563 | D:6      | Reached skill level 10 in Transmutations
  7864 | D:6      | Reached skill level 11 in Transmutations
  8431 | D:6      | Found an iron altar of Okawaru.
  8477 | D:6      | Found a blossoming altar of Fedhas.
  8576 | D:6      | Noticed a cyclops
  8581 | D:6      | Found a snail-covered altar of Cheibriados.
  8587 | D:6      | Killed a cyclops
  8587 | D:6      | Reached *** piety under Okawaru
  8587 | D:6      | Reached skill level 12 in Transmutations
  9035 | D:7      | Reached skill level 13 in Transmutations
  9098 | D:7      | Found a staircase to the Ecumenical Temple.
  9264 | D:7      | Reached XP level 10. HP: 65/65 MP: 10/13
  9456 | D:7      | Learned a level 5 spell: Blade Hands
  9988 | D:7      | Noticed Joseph
 10387 | D:7      | Killed Joseph
 10387 | D:7      | Received a gift from Okawaru
 10658 | D:7      | Found a deep blue altar of Sif Muna.
 10795 | D:8      | Reached skill level 14 in Transmutations
 10795 | D:8      | Noticed Grum
 10803 | D:8      | Killed Grum
 11288 | D:8      | Noticed a two-headed ogre
 11298 | D:8      | Killed a two-headed ogre
 11298 | D:8      | Reached **** piety under Okawaru
 11397 | D:8      | Noticed Pikel
 11412 | D:8      | Killed Pikel
 11502 | D:8      | Found a burning altar of Makhleb.
 11511 | D:8      | Found a stormy altar of Qazlal.
 11512 | D:8      | Found an opulent altar of Gozag.
 11514 | D:8      | Reached skill level 5 in Dodging
 11526 | D:8      | Noticed Prince Ribbit
 11533 | D:8      | Killed Prince Ribbit
 11944 | D:8      | Found a staircase to the Lair.
 11962 | Lair:1   | Entered Level 1 of the Lair of Beasts
 12008 | Lair:1   | Reached XP level 11. HP: 75/78 MP: 8/14
 12715 | Lair:1   | Noticed Sonja
 12718 | Lair:1   | Killed Sonja
 12718 | Lair:1   | Reached ***** piety under Okawaru
 12718 | Lair:1   | Reached skill level 5 in Fighting
 13410 | Lair:2   | Noticed Gastronok
 13420 | Lair:2   | Killed Gastronok
 13421 | Lair:2   | HP: 4/81 [komodo dragon (21)]
 14047 | Lair:2   | Received a gift from Okawaru
 14220 | Lair:2   | Noticed a four-headed hydra
 14246 | Lair:2   | Killed a four-headed hydra
 14246 | Lair:2   | Reached skill level 10 in Unarmed Combat
 14583 | Lair:2   | Noticed Harold
 14611 | Lair:2   | Killed Harold
 14611 | Lair:2   | Reached XP level 12. HP: 11/91 MP: 11/15
 15796 | Lair:3   | Found a runed gate.
 15797 | Lair:3   | Found a runed gate.
 15798 | Lair:3   | Found a runed gate.
 15798 | Lair:3   | Noticed ICC's ghost (journeyman VSAr)
 15845 | Lair:3   | Identified the Handbook of Fire and Clay
 16032 | Lair:3   | Found a hole to the Spider Nest.
 16574 | Lair:3   | Reached skill level 10 in Dodging
 16586 | Lair:3   | Found a staircase to the Shoals.
 16616 | Lair:3   | Found a viscous altar of Jiyva.
 16751 | Lair:4   | Noticed a death yak
 16766 | Lair:4   | Noticed a death yak
 16772 | Lair:4   | Killed a death yak
 16778 | Lair:4   | Killed a death yak
 17097 | Lair:4   | Found a frozen archway.
 17121 | Lair:4   | Received a gift from Okawaru
 17178 | Lair:4   | Slain by a blink frog

Vault maps used:
D:1:      lightli_arrival_statue_moat
D:2:      uniq_natasha, uniq_crazy_yiuf_cottage
D:3:      grunt_ministairs_1, uniq_ijyb, uniq_terence, uniq_grinder
D:4:      lemuel_round_altar, enter_ossuary_1, ebering_ghost_sewer_f,
          grunt_qazlal_clouds
D:5:      ebering_ghost_reflecting_pool, serial_shops, shop_statue,
          portal_sewer_entry_c, basic_altar, first_ration
D:6:      hangedman_feature_mirror, st_stairs_14, fedhas_bush_and_centaur_altar
D:7:      led_sif_pool, minmay_temple_entry_butterflies, uniq_joseph
D:8:      gammafunk_temple_overflow_claw, david_lair_shrubbed, uniq_grum,
          uniq_prince_ribbit1, uniq_pikel
Lair:1:   serial_bayou, serial_bayou_pond_d, serial_bayou_ford_a,
          serial_bayou_pond_c, serial_bayou_pond_e, serial_bayou_pond_a,
          serial_bayou_pond_c, grunt_forest_small_clearings,
          nicolae_lair_grove_arrangements, lemuel_fruit_fields, uniq_sonja
Lair:2:   uniq_gastronok, uniq_harold
Lair:3:   elwin_shoals_entry_rooms, dummy_spider_entry, gammafunk_ghost_ooze
Lair:4:   portal_ice_cave_entry_imps, cheibrodos_lair_lostbears, uniq_rupert
Sewer:    sewer_minmay_treatment
Ossuary:  ossuary_minmay_tomb_2a

Skill      XL: |  1  2  3  4  5  6  7  8  9 10 11 12 |
---------------+-------------------------------------+-----
Unarmed Combat | 4 5 6 8 10 11 | 11.3
Armour         | 1 3 |  3.2
Transmutations | 4 7 9 13 14 | 14.1
Ice Magic      | 1 3 |  3.0
Invocations    | 1 5 |  5.1
Dodging        | 5 9 10 | 10.6
Fighting       | 4 7 8 |  8.7
Spellcasting   | |  2.0

Action                   |  1- 3 |  4- 6 |  7- 9 | 10-12 || total
-------------------------+-------+-------+-------+-------++-------
Melee: Unarmed           |   103 |   132 |   154 |   270 ||   659
       Headbutt          |     8 |    20 |    25 |     3 ||    56
       Punch             |     1 |     2 |     4 |    16 ||    23
       Flail             |       |       |   219 |       ||   219
       Tailslap          |       |       |     1 |     4 ||     5
Throw: Tomahawk          |       |       |     7 |       ||     7
 Cast: Beastly Appendage |    15 |    20 |    31 |     6 ||    72
       Sticks to Snakes  |    11 |    19 |    62 |    14 ||   106
       Ice Form          |       |       |     3 |       ||     3
       Blade Hands       |       |       |       |    34 ||    34
Invok: Heroism           |       |       |     6 |     9 ||    15
Evoke: Wand              |       |       |       |     3 ||     3
  Use: Scroll            |     4 |     1 |     8 |     7 ||    20
       Potion            |       |       |     1 |     3 ||     4
 Stab: Sleeping          |     2 |     1 |     5 |     1 ||     9
       Distracted        |       |     1 |     2 |     4 ||     7
  Eat: Chunk             |     3 |     9 |    21 |    18 ||    51
       Ration            |       |       |     1 |     8 ||     9
Armor: Robe              |    21 |    28 |       |       ||    49
       Ring mail         |       |    12 |    74 |       ||    86
       Leather armour    |       |       |   110 |    42 ||   152
       Skin              |       |       |    10 |       ||    10
Dodge: Dodged            |    66 |    74 |   335 |   159 ||   634

Table legend:
 A = Non-vault XP
 B = Vault XP
 C = Vault XP percentage of total XP
 D = Non-vault monster count
 E = Vault monster count
 F = Vault count percentage of total count
                 A         B        C        D         E       F
            +---------+---------+-------+---------+---------+-------
      Total |   15786 |    8355 |  34.6 |     206 |     113 |  35.4
            +---------+---------+-------+---------+---------+-------
        D:1 |      37 |       0 |   0.0 |      23 |       0 |   0.0
        D:2 |      87 |      29 |  25.0 |      21 |       1 |   4.5
        D:3 |     213 |     344 |  61.8 |      30 |       7 |  18.9
        D:4 |     188 |      27 |  12.6 |      10 |       3 |  23.1
        D:5 |     927 |      18 |   1.9 |      24 |       7 |  22.6
        D:6 |     962 |     760 |  44.1 |      24 |       6 |  20.0
        D:7 |    1233 |     471 |  27.6 |      23 |       1 |   4.2
        D:8 |    1534 |    1889 |  55.2 |      13 |       8 |  38.1
     Lair:1 |     974 |     814 |  45.5 |       5 |       1 |  16.7
     Lair:2 |    6159 |    3298 |  34.9 |      22 |       2 |   8.3
     Lair:3 |     734 |     286 |  28.0 |       4 |       1 |  20.0
     Lair:4 |    2738 |     120 |   4.2 |       7 |      12 |  63.2
      Sewer |       0 |     159 | 100.0 |       0 |      48 | 100.0
    Ossuary |       0 |     140 | 100.0 |       0 |      16 | 100.0
            +---------+---------+-------+---------+---------+-------
